 Dungeon Crawl Stone Soup version 0.31-a0-1068-g5939ac1fb6 (webtiles) character file.

Game seed: 2692482767367871793

70 Malachi the Trooper (level 4, -7/35 HPs)
             Began as a Demonspawn Fighter on Nov 24, 2023.
             Killed by nerve-wracking pain
             ... invoked by Grinder
              (13 damage)
             ... on level 3 of the Dungeon.
             The game lasted 00:02:00 (1778 turns).

Malachi the Trooper (Demonspawn Fighter)            Turns: 1778, Time: 00:02:00

Health: -7/35      AC:  6    Str: 18    XL:     4   Next: 4%
Magic:  4/4        EV:  9    Int:  9    God:
Gold:   157        SH:  8    Dex: 13    Spells: 3/3 levels left

rFire   . . .        a - +0 long sword
rCold   . . .        c - +0 buckler
rNeg    . . .        b - +0 scale mail
rPois   .            (no helmet)
rElec   .            (no cloak)
rCorr   .            (no gloves)
SInv    .            (no boots)
Will    .....        (no amulet) Stlth
                     (no ring)
HPRegen 0.25/turn    (no ring)
MPRegen 0.09/turn

%: no passive effects
@: mighty, attractive
A: condensation shield, demonic magic 1
a: no special abilities


You were on level 3 of the Dungeon.
You visited 1 branch of the dungeon, and saw 3 of its levels.

You collected 157 gold pieces.

Inventory:

Hand Weapons
 a - a +0 long sword (weapon)
Armour
 b - a +0 scale mail (worn)
 c - a +0 buckler (worn)
Jewellery
 m - a ring of resist corrosion
Scrolls
 e - a scroll of fog {unknown}
 f - a scroll of noise {unknown}
 g - 3 scrolls of identify {unknown}
 h - a scroll of poison {unknown}
 j - a scroll of amnesia {unknown}
 l - a scroll of butterflies {unknown}
 n - a scroll of torment {unknown}
Potions
 i - a potion of attraction


   Skills:
 + Level 3.5 Fighting
 + Level 2.4 Long Blades
 + Level 3.2 Armour
 + Level 3.2 Shields


You had 3 spell levels left.
You didn't know any spells.
Your spell library contained the following spells:

 Spells                   Type           Power      Damage    Failure   Level
 Shock                    Conj/Air       0%         1d3       85%         1
 Stone Arrow              Conj/Erth      0%         3d7       99%         3
 Sticky Flame             Conj/Fire      0%         2d3       100%        4


Dungeon Overview and Level Annotations

Branches:
Dungeon (3/15)

Altars:
Sif Muna

Annotations:
D:3 Grinder


Innate Abilities, Weirdness & Mutations

A meltable shield of frost defends you. (SH +4)
Spells you cast may paralyse adjacent enemies.


Message History

The adder is almost dead.
The adder bites you but does no damage. You block the adder's attack.
You barely miss the adder.
The adder is almost dead.
The adder bites you but does no damage.
You feel very mighty all of a sudden. The adder completely misses you.
The adder bites you.
You are poisoned.
The adder poisons you!
You hit the adder.
You kill the adder!
You feel sick. Grinder gestures at you. Pain shoots through your body!
* * * LOW HITPOINT WARNING * * *
You have reached level 4!
You feel agile.
Your demonic ancestry asserts itself...
A menacing aura infuses your magic.
It was a potion of attraction.
You feel attractive to monsters.
You feel sick. You block the kobold's attack.
It was a potion of curing.
You feel better. The kobold barely misses you.
You slash the kobold!
You kill the kobold!
You slash Grinder!
Grinder is lightly wounded.
Grinder gestures at you.
You suddenly lose the ability to move!
Grinder hits you but does no damage. Grinder gestures at you.
Pain shoots through your body!
* * * LOW HITPOINT WARNING * * *
Grinder hits you but does no damage.
You can move again.
You slash Grinder!
Grinder is heavily wounded.
Grinder gestures at you. Pain shoots through your body!
You die...
Grinder says, "Now the real fun starts!"

... ####
##..## ...#
#.... #..#
#...# #..#
#...#
#..##...#
#.@#...#
##.5<..#.#
#..#.....#
#..##.......#
#..#
#......##
#$.# #.....##
...# #...#.#
### #.......
.........


You could see Grinder.

Vanquished Creatures
  4 adders
  3 dart slugs
  A worm (D:2)
  4 ball pythons
  4 endoplasms
  2 giant cockroaches
  A hobgoblin (D:2)
  3 frilled lizards
  3 kobolds
  6 rats
31 creatures vanquished.

Notes
Turn   | Place    | Note
-------+----------+-------------------------------------------
     0 | D:1      | Malachi the Demonspawn Fighter began the quest for the Orb.
     0 | D:1      | Reached XP level 1. HP: 18/18 MP: 1/1
   374 | D:1      | Gained mutation: A meltable shield of frost defends you.
                  | (SH +4) [demonic ancestry]
   374 | D:1      | Reached XP level 2. HP: 24/24 MP: 2/2
   535 | D:1      | Got the Octavo of Fulmination
   701 | D:2      | Found a shimmering blue altar of Sif Muna.
   771 | D:2      | Reached XP level 3. HP: 25/29 MP: 3/3
  1758 | D:3      | Noticed Grinder
  1771 | D:3      | Gained mutation: Spells you cast may paralyse adjacent
                  | enemies. [demonic ancestry]
  1771 | D:3      | Reached XP level 4. HP: 7/35 MP: 4/4
  1774 | D:3      | Paralysed by Grinder for 4 turns
  1778 | D:3      | Killed from afar by Grinder

Illustrated notes

Levels and vault maps discovered:
D:1:      dpeg_arrival_prison, layout_basic, dreamdust_wishing_well
D:2:      wander_river, layout_basic, basic_altar
D:3:      minmay_diamond_boxcup, layout_rooms, nicolae_underground_beach,
          uniq_grinder, uniq_robin

Skill      XL: |  1  2 |
---------------+-------+-----
Long Blades    | 2 |  2.4
Armour         | 3 |  3.2
Shields        | 3 |  3.2
Fighting       | |  3.5

Action                     |  1- 3 |  4- 6 || total
---------------------------+-------+-------++-------
  Melee: Long sword        |   116 |     3 ||   119
    Use: Potion            |     1 |     2 ||     3
 Armour: Scale mail        |    66 |     2 ||    68
  Dodge: Dodged            |    43 |     1 ||    44
  Block: Buckler           |    44 |     1 ||    45

Table legend: (Time is in decaauts)
 A = Elapsed time spent in this place.
 B = Non-inter-level travel time spent in this place.
 C = Inter-level travel time spent in this place.
 D = Time resting spent in this place.
 E = Time spent auto-exploring this place.
 F = Levels seen in this place.
 G = Mean time per level.
                   A        B        C        D        E       F      G
               +--------+--------+--------+--------+--------+-----+--------+
         Total |   1839 |   1727 |    112 |    265 |   1162 |   3 |  613.0 |
       Dungeon |   1839 |   1727 |    112 |    265 |   1162 |   3 |  613.0 |
               +--------+--------+--------+--------+--------+-----+--------+

Top non-repeatable levels by time:
     D:2: 990 daAuts
     D:1: 819 daAuts
     D:3: 29 daAuts
